[Event "Cabo Verde Open 2022"]
[Site "Mindelo-S. Vicente"]
[Date "2022.04.25"]
[Round "5.3"]
[White "Varela La Madrid, Tilsia Carolina"]
[Black "Del Rio De Angelis, Salvador G."]
[Result "0-1"]
[ECO "B08"]
[WhiteElo "2097"]
[BlackElo "2452"]
[Annotator "TA"]
[PlyCount "73"]
[EventDate "2022.04.22"]
[EventType "swiss"]
[SourceTitle "playchess.com"]
[Source "ChessBase"]
[SourceQuality "1"]
[TimeControl "40/5400+30:1800+30"]

1. e4 d6 2. d4 Nf6 3. Nc3 g6 4. Nf3 Bg7 5. h3 O-O 6. Be3 d5 {[%emt 0:00:30] [#]} 7. Qd2 $146 {[%emt 0:03:06] B08: Pirc Defence: Classical System.} ({White should play} 7. exd5 $14 Nxd5 8. Nxd5 Qxd5 9. Be2) ({Predecessor:} 7. e5 Ne4 8. Bd3 Nxc3 9. bxc3 c5 10. O-O c4 11. Be2 Nc6 12. Qd2 f6 13. exf6 exf6 14. Rfe1 Bf5 15. Nh4 Be6 16. Bh6 Qd7 17. Rab1 Rae8 18. Bf1 {0-1 (29) Andreikin,D (2725)-Onischuk,V (2622) Chess.com INT 2021}) 7... Nxe4 $15 8. Nxe4 dxe4 9. Ng5 {[%emt 0:00:10] Black is slightly better.} c5 10. Nxe4 (10. d5 $15) 10... cxd4 $17 11. O-O-O $2 {[%emt 0:03:50] [#]} (11. Bh6 $17) 11... Nc6 $1 $19 12. Bh6 {[%emt 0:00:35] [#]} Qd5 $1 13. Bxg7 Kxg7 14. Ng3 (14. Nc3 {might work better.} Qe6 15. Nb1) 14... Qxa2 15. Qg5 Qa1+ 16. Kd2 Qa5+ (16... Qxb2 $142 17. Bd3 Qc3+ 18. Ke2 f5 19. Nh5+ Kf7) 17. Qxa5 Nxa5 18. Re1 Be6 19. Bd3 Rfd8 20. Re5 Nc6 21. Rb5 b6 22. Be4 Rac8 23. Ra1 Bc4 24. Bxc6 Rxc6 25. Re5 Rc7 26. Ra4 a6 27. Re4 Rd6 28. Rg4 {[%emt 0:02:08] And now Nf5+ would win.} Kf8 29. b3 {[%emt 0:00:52] [#]} b5 30. Ra2 (30. Ra5 f5) 30... Be6 31. Rh4 d3 {[%emt 0:05:18] ( -> ...dxc2+)} 32. c3 Bxb3 33. Rb2 Bd5 34. Rxh7 Kg8 {[%emt 0:00:18] Black is clearly winning.} 35. Rh4 Bxg2 36. Rb1 Rc4 37. Ke1 {[%emt 1:04:03] Black took control after the opening.  Weighted Error Value: White=0.42/Black=0.14 (very precise)} 0-1

[Event "Cabo Verde Open 2022"]
[Site "Mindelo-S. Vicente"]
[Date "2022.04.26"]
[Round "5.4"]
[White "Rodriguez Guevara, Celia M."]
[Black "L`Ami, Alina"]
[Result "0-1"]
[ECO "B56"]
[WhiteElo "1849"]
[BlackElo "2287"]
[Annotator "TA"]
[PlyCount "64"]
[EventDate "2022.04.22"]
[EventType "swiss"]
[SourceTitle "playchess.com"]
[Source "ChessBase"]
[SourceQuality "1"]
[TimeControl "40/5400+30:1800+30"]

1. e4 c5 2. Nf3 d6 3. d4 cxd4 4. Nxd4 Nf6 5. Nc3 Nc6 6. f3 e5 7. Nxc6 {[%emt 0:04:00] B56: Classical Sicilian: Unusual Lines.} ({White should play} 7. Nb3 $14) 7... bxc6 $11 8. Bc4 Qb6 9. Bb3 {[%emt 0:01:41] The position is equal.} Be7 10. Qe2 Ba6 11. Qe3 {[%emt 0:01:08] [#]} Qc7 $146 ({Predecessor:} 11... Qb7 12. Qf2 O-O 13. Bg5 Rad8 14. O-O-O Ng4 15. fxg4 Bxg5+ 16. Kb1 Qb6 17. Qf5 Be3 {0-1 (72) Singh,E-Tang,T (1811) Hong Kong 2015}) 12. Qf2 O-O 13. Be3 {[%emt 0:00:20] [#]} (13. Bg5 $1 $11) 13... d5 $1 $36 {[%emt 0:08:25][%mdl 2048] Hoping for ...d4. White is under strong pressure.} 14. exd5 cxd5 15. Na4 $2 {[%emt 0:20:38] White does not recover from this.} (15. Nxd5 $17 Nxd5 16. Bxd5) 15... d4 $19 16. Bg5 (16. Bd2 {keeps fighting.} Qd7 17. c4) 16... Bb5 {[%emt 0:10:32][%cal Of6e4] aiming for ...Ne4!} 17. Bd2 Qc6 18. Nc3 dxc3 19. Bxc3 Bc5 20. Qh4 Rad8 21. Bd2 e4 22. O-O-O e3 23. Bc3 Rxd1+ 24. Rxd1 e2 25. Re1 Be3+ 26. Bd2 Bxd2+ 27. Kxd2 Rd8+ 28. Kc1 Qd6 29. c4 Qd2+ 30. Kb1 {[%emt 0:00:09] [#]} Bxc4 $1 {[%emt 0:01:05][%cal Bb5c4,Bc4d3,Bd3c2][%mdl 544] Black mates.} 31. Ba4 (31. Rh1 Bxb3) 31... Bd3+ 32. Ka1 Bc2 {[%emt 0:00:12] Weighted Error Value: White=0.97/Black=0.37} 0-1

[Event "Cabo Verde Open 2022"]
[Site "Mindelo-S. Vicente"]
[Date "2022.04.26"]
[Round "5.5"]
[White "Lesbros, Bernard"]
[Black "Maisuradze, Nino"]
[Result "0-1"]
[ECO "A37"]
[WhiteElo "1865"]
[BlackElo "2202"]
[Annotator "TA"]
[PlyCount "67"]
[EventDate "2022.04.22"]
[EventType "swiss"]
[SourceTitle "playchess.com"]
[Source "ChessBase"]
[SourceQuality "1"]
[TimeControl "40/5400+30:1800+30"]

1. Nf3 c5 2. c4 g6 3. Nc3 Bg7 4. g3 Nc6 5. Bg2 e5 6. e3 {[%emt 0:04:08][%cal Od2d4] A37: Symmetrical English vs ...g6: 4 Bg2 Bg7 5 Nf3.} f5 7. d3 {[%emt 0:01:26] Against e4} Nge7 {[%emt 0:00:00] [#]} 8. h4 $146 {[%emt 0:00:56] The position is equal.} ({Predecessor:} 8. e4 d6 9. Nd5 O-O 10. Bd2 h6 11. Qc1 Kh7 12. h4 Nxd5 13. exd5 Nd4 14. Nxd4 cxd4 {0-1 (45) Lukinov,D (2167)-Stoockalov,V (2304) Alushta 2007}) 8... h6 9. Rb1 (9. Nd2 $11) 9... d6 10. a3 Be6 11. Bd2 a5 12. Qc2 O-O 13. O-O Qd7 14. Nb5 e4 15. Nh2 {[%emt 0:05:59] [#] White does not recover from this.} ({Much worse is} 15. dxe4 fxe4 16. Nh2 (16. Qxe4 $2 Bf5 $19) 16... Ne5 $17) (15. Ne1 $1 $11) 15... Ne5 16. dxe4 Bxc4 17. Nc3 Bd3 18. Qd1 fxe4 {[%emt 0:00:00] 0x0.002067211c69dp-1022s more active pieces.} 19. Bxe4 Bxf1 {[%emt 0:00:00] Really sharp!} 20. Qxf1 d5 21. Bg2 c4 22. Ne2 Nd3 23. Nf4 Nxb2 24. Bc1 (24. Qc1 {was worth a try.} g5 25. hxg5 hxg5 26. Nxd5 Nxd5 27. Rxb2) 24... Na4 $19 25. Nxd5 $2 {[%emt 0:02:42] [#]} (25. Bd2) 25... Nxd5 26. Qxc4 Nac3 27. Rb3 Rac8 28. Qd3 Qf7 29. Ng4 h5 30. Rxc3 Nxc3 31. Bb2 hxg4 32. Bxc3 Rxc3 33. Qd6 Qxf2+ 34. Kh2 {[%emt 0:00:14] Weighted Error Value: White=1.03/Black=0.07 (flawless)} 0-1

[Event "Cabo Verde Open 2022"]
[Site "Mindelo-S. Vicente"]
[Date "2022.04.26"]
[Round "5.6"]
[White "Ferreira, Paulo"]
[Black "Caxita, Esperanca"]
[Result "1-0"]
[ECO "D51"]
[WhiteElo "2073"]
[BlackElo "1910"]
[Annotator "TA"]
[PlyCount "49"]
[EventDate "2022.04.22"]
[EventType "swiss"]
[SourceTitle "playchess.com"]
[Source "ChessBase"]
[SourceQuality "1"]
[TimeControl "40/5400+30:1800+30"]

1. d4 d5 2. c4 c6 3. Nf3 Nf6 4. Nc3 Nbd7 5. Qc2 e6 6. Bg5 h6 {[%emt 0:02:21] is recently more successful than 6...Be7.} 7. Bxf6 {[%emt 0:04:00] D51: Queen's Gambit Declined: 4 Bg5 Nbd7 sidelines.} Nxf6 8. e3 Bb4 9. Bd3 {[%emt 0:00:17] The position is equal.} dxc4 10. Bxc4 {[%emt 0:00:28] [#]} Bxc3+ $146 ({Predecessor:} 10... c5 11. O-O cxd4 12. exd4 O-O 13. a3 Be7 14. b4 Qc7 15. Qb3 a6 16. a4 b6 17. d5 exd5 18. Nxd5 Nxd5 19. Bxd5 Bb7 20. Rac1 Bxd5 21. Qxd5 Qd6 22. Qxd6 {½-½ (22) Czebe,A (2485)-Fodor,T (2430) Budapest 2009}) 11. bxc3 O-O 12. e4 b5 13. Bd3 Bb7 14. Rb1 Rc8 15. O-O a6 16. e5 Nd5 (16... Nd7 $1 $11) 17. c4 $1 $36 {[%emt 0:01:21][%mdl 2048] White is pushing.} Nf4 18. Be4 f5 (18... Rc7 $14) 19. exf6 $1 $16 Qe7 $2 {[%emt 1:10:04][%mdl 8192] [#] This costs Black the game.} 20. f7+ $2 (20. fxe7 Rf7 21. g3) 20... Qxf7 21. Ne5 Qf6 (21... Qc7 $142) 22. Rfd1 Rfd8 $2 (22... Rc7) 23. c5 g5 24. Rb3 Rc7 25. g3 {[%emt 0:01:30] Weighted Error Value: White=0.64/Black=0.33} 1-0

[Event "Cabo Verde Open 2022"]
[Site "Mindelo-S. Vicente"]
[Date "2022.04.25"]
[Round "5.7"]
[White "Santiago, Yago De Moura"]
[Black "Neves, Diogo Alexandre"]
[Result "1-0"]
[ECO "D17"]
[WhiteElo "2490"]
[BlackElo "1555"]
[Annotator "TA"]
[PlyCount "35"]
[EventDate "2022.04.22"]
[EventType "swiss"]
[SourceTitle "playchess.com"]
[Source "ChessBase"]
[SourceQuality "1"]
[TimeControl "40/5400+30:1800+30"]

1. d4 d5 2. c4 c6 3. Nf3 Nf6 4. Nc3 dxc4 5. a4 Bf5 6. Ne5 e6 7. f3 Bb4 8. Bg5 {[%emt 0:00:06][%cal Bc1g5,Bg5h4,Bh4f2][%mdl 32] Recently 8.Nxc4 got a lot of attention.} h6 9. Bh4 {[%emt 0:04:38] D17: Slav Defence: 5 a4 Bf5: Lines with 6 Nh4 and 6 Ne5.} g5 (9... c5 $11 10. dxc5 Qa5) 10. Bf2 $14 Nd5 11. Qd2 {[%emt 0:03:39] White is better.} Bh7 12. e4 Nf6 (12... f6 $142) 13. Bxc4 $16 {[%emt 0:00:49] [#] &Bianco is more active.} c5 $146 {[%emt 0:06:00] [#]} (13... Nbd7 $16) ({Predecessor:} 13... Qa5 14. Bd3 Nbd7 15. Nc4 Qd8 16. a5 Qe7 17. O-O a6 18. e5 Nd5 19. Bxh7 Rxh7 {1-0 (38) Sanchez Cuchillo,A-Monmeneu Chulia,V Pref 1992}) 14. Bb5+ $18 ({Weaker is} 14. dxc5 Qxd2+ 15. Kxd2 Nc6 $16) 14... Kf8 15. h4 (15. dxc5 Qxd2+ 16. Kxd2 a6 $16) 15... Nfd7 $2 (15... Rg8 16. hxg5 (16. dxc5 Qxd2+ 17. Kxd2 a6 $16) 16... hxg5) 16. dxc5 {[%emt 0:00:25] White is clearly winning.} Ke7 17. Qd6+ Ke8 18. Rd1 {[%emt 0:00:09] Black did not feel at home in the position after the opening.  Weighted Error Value: White=0.00 (flawless) /Black=0.90} 1-0

[Event "Cabo Verde Open 2022"]
[Site "Mindelo-S. Vicente"]
[Date "2022.04.25"]
[Round "5.8"]
[White "Fortes, Aires"]
[Black "Junior, Ednasia"]
[Result "*"]
[ECO "B23"]
[WhiteElo "1540"]
[BlackElo "1898"]
[Annotator "NA RC COMBH"]
[PlyCount "32"]
[EventDate "2022.04.22"]
[EventType "swiss"]
[SourceTitle "playchess.com"]
[Source "ChessBase"]
[SourceQuality "1"]
[TimeControl "40/5400+30:1800+30"]

1. e4 c5 2. Nc3 e6 3. f4 a6 4. Nf3 Nc6 5. a4 Qc7 6. d4 cxd4 7. Nxd4 Bb4 8. Be2 Nf6 9. Bf3 d6 10. O-O Nxd4 11. Kh1 $19 ({Worse is} 11. Qxd4 Bc5 12. Qe3 Qb6 13. Qxc5 Qxc5+) 11... Bxc3 12. bxc3 Nxf3 13. Qxf3 O-O 14. Ba3 Rd8 15. Rae1 d5 16. e5 Ne4 *

[Event "Cabo Verde Open 2022"]
[Site "Mindelo-S. Vicente"]
[Date "2022.04.29"]
[Round "7.1"]
[White "Maisuradze, Nino"]
[Black "Ortega Amarelle, Mariano"]
[Result "0-1"]
[ECO "B23"]
[WhiteElo "2202"]
[BlackElo "2476"]
[Annotator "TA"]
[PlyCount "54"]
[EventDate "2022.04.22"]
[EventType "swiss"]
[SourceTitle "playchess.com"]
[Source "ChessBase"]
[SourceQuality "1"]
[TimeControl "40/5400+30:1800+30"]

1. e4 c5 2. Nc3 a6 3. g3 b5 4. Bg2 Bb7 5. d3 e6 6. Nh3 Nf6 {[%emt 0:15:09] B23: Closed Sicilian: Lines without g3.} 7. O-O d6 8. f4 Be7 (8... Qc8 $11) 9. g4 (9. e5 $16 Bxg2 10. Kxg2) 9... b4 10. Na4 {[%emt 0:02:20] [#]} Bc6 $146 ({Predecessor:} 10... Nfd7 11. c3 a5 12. d4 O-O 13. d5 exd5 14. exd5 c4 15. Be3 Na6 16. Nf2 Re8 {0-1 (36) Bulgarini Torre,M (1989)-Pichot,A (2517) Antofagasta 2016}) 11. b3 Nfd7 12. g5 Bxa4 13. bxa4 Nc6 {[%emt 0:03:53] Inhibits e5.} 14. f5 Nd4 15. fxe6 (15. a3 $11) 15... Nxe6 $17 16. e5 (16. a3 $1 $11 {keeps the balance.}) 16... Nxe5 17. Bxa8 Qxa8 18. Bf4 Nxf4 {[%emt 0:03:06] Black is much more active. The white rooks are badly placed.} 19. Rxf4 {[%emt 0:00:58] [#]} (19. Nxf4 $17 Bxg5 20. a3) 19... h6 $1 $19 20. g6 fxg6 ({Worse is} 20... Nxg6 21. Qf3 Qxf3 22. Rxf3 $17) 21. Qe2 Bf6 {[%emt 0:03:28] ...0-0 is the strong threat.} 22. Raf1 (22. Qg2 {was necessary.} Qxg2+ 23. Kxg2) 22... O-O 23. Qg2 Qc8 24. Qd5+ (24. d4 $17 cxd4 25. Nf2) 24... Kh7 25. Kg2 {[%emt 0:00:46] [#]} g5 $1 26. Rf5 (26. Re4 {was the only defense.}) 26... Ng6 27. Kh1 Ne5 $2 {[%emt 0:07:06][%mdl 32768] Inhibits R5f3.  Weighted Error Value: White=0.41/Black=0.14 (very precise) . Loss on time!?} (27... Ne7 $19 28. Qe4 Nxf5 29. Qxf5+ Qxf5 30. Rxf5 Re8) 0-1

[Event "Cabo Verde Open 2022"]
[Site "Mindelo-S. Vicente"]
[Date "2022.04.28"]
[Round "7.2"]
[White "Galego, Luis"]
[Black "Del Rio De Angelis, Salvador G."]
[Result "1/2-1/2"]
[ECO "C01"]
[WhiteElo "2474"]
[BlackElo "2452"]
[Annotator "TA"]
[PlyCount "31"]
[EventDate "2022.04.22"]
[EventType "swiss"]
[SourceTitle "playchess.com"]
[Source "ChessBase"]
[SourceQuality "1"]
[TimeControl "40/5400+30:1800+30"]

1. d4 e6 2. e4 d5 3. exd5 exd5 4. Nf3 Bf5 5. Nc3 c6 {[%emt 0:02:27] The position is equal.} 6. Bd3 {[%emt 0:00:57] C01: French: Exchange Variation.} Bxd3 7. Qxd3 Bd6 8. O-O Ne7 {[%emt 0:00:16] [#]} 9. Bd2 $146 ({Predecessor:} 9. Re1 O-O 10. Bg5 Qc7 11. Bxe7 Bxe7 12. Ne2 Bd6 13. Ng3 Bxg3 14. fxg3 Nd7 15. Re7 {0-1 (49) Gamha,S (1328)-Najjar,S (1532) Kelibia 2021}) 9... Na6 10. Ne2 Qd7 11. Rfe1 O-O 12. Ng3 f6 13. Re2 Rae8 14. Rae1 Nc8 15. Nf5 Rxe2 16. Rxe2 {[%emt 0:01:57] A balanced but interesting game.  Weighted Error Value: White=0.04 (flawless) /Black=0.01 (flawless)} 1/2-1/2

[Event "Cabo Verde Open 2022"]
[Site "Mindelo-S. Vicente"]
[Date "2022.04.29"]
[Round "7.3"]
[White "Fernandes, Antonio"]
[Black "L`Ami, Alina"]
[Result "1-0"]
[ECO "B07"]
[WhiteElo "2313"]
[BlackElo "2287"]
[Annotator "TA"]
[PlyCount "89"]
[EventDate "2022.04.22"]
[EventType "swiss"]
[SourceTitle "playchess.com"]
[Source "ChessBase"]
[SourceQuality "1"]
[TimeControl "40/5400+30:1800+30"]

1. d4 Nf6 2. g3 g6 3. Bg2 Bg7 4. e4 d6 5. Nc3 O-O 6. Nge2 c6 7. a4 e5 8. h3 Na6 9. Be3 {[%emt 0:06:24] B07: Pirc Defence: Miscellaneous Systems.} Be6 10. f4 Re8 11. O-O {[%emt 0:01:22] The position is equal.} Bc4 (11... exd4 {looks sharper.} 12. Bxd4 Bc4 13. Re1 Qa5) 12. Re1 {[%emt 0:04:05] [#]} Bxe2 $146 ({Predecessor:} 12... Nb4 13. a5 Bxe2 14. Rxe2 exf4 15. gxf4 Nh5 16. Qe1 Bh6 17. Qf2 d5 18. Ra4 Qe7 {½-½ (44) Begus,D (2269)-Balenovic,Z (2114) Grohote 2018}) 13. Rxe2 Nh5 14. Kh2 exf4 15. gxf4 (15. Bxf4 Nxf4 16. gxf4 Qf6 $17) 15... Bh6 16. Rf2 f5 (16... Qh4 17. Qg4 Qd8 18. Qf3 $11) 17. Bd2 Qh4 18. Qf1 {[%emt 0:05:31] [#]} (18. Qf3 $2 fxe4 19. Qe3 Nb4 $19) (18. Kg1 $17) 18... fxe4 (18... Nb4 $1 $19 19. Nd1 a5) 19. Nxe4 $17 d5 20. Ng5 Rf8 {[%emt 0:11:19] White must now prevent ...Bxg5.} 21. Rf3 {[%emt 0:00:42] Strongly threatening Be1.} Bxg5 22. fxg5 Qxd4 ({And not} 22... Rxf3 23. Qxf3 Qxd4 24. Bc3 Qf4+ 25. Qxf4 Nxf4 26. Re1 $15) 23. Bc3 Qh4 24. Qe1 Qxe1 25. Rxe1 Rae8 {[%emt 0:01:45] Prevents Re7.} 26. Rfe3 Rxe3 27. Rxe3 Kf7 ({Black should try} 27... Rf2 $17 28. Re8+ Kf7) 28. Bd4 $11 b6 29. c4 (29. a5 $5) 29... Nf4 30. Bf1 Nc7 31. Be5 Nce6 {[%emt 0:00:17] [#]} (31... Nfe6 $1 $11 {and Black has nothing to worry.}) 32. Bd6 $1 $18 {[%emt 0:00:39] aiming for Rf3. A strong pair of Bishops.} d4 (32... Nd4 $142 33. Bxf8 (33. Bxf4 Kg8 $16) 33... Kxf8) 33. Re4 Kg8 34. Bxf8 Kxf8 {[%emt 0:00:01][%mdl 4096] Endgame KRB-KNN} 35. h4 ({Less strong is} 35. Kg3 Nh5+ 36. Kf2 Nhg7 $16) 35... Ke7 36. Kg3 Nh5+ 37. Kf3 Kd6 38. Bh3 Nhg7 39. Ke2 Nf5 {[%emt 0:01:02] ...Ng3+ is the strong threat.} 40. Kd2 Nc5 $2 (40... Neg7 {is tougher.} 41. Bxf5 Nxf5) 41. Bxf5 {[%emt 0:00:45] White is clearly winning.} Nb3+ 42. Kd3 gxf5 43. Re8 f4 44. Ke4 c5 45. h5 {[%emt 0:16:58] Quite a comeback for White.  Weighted Error Value: White=0.16 (very precise) /Black=0.44} 1-0

[Event "Cabo Verde Open 2022"]
[Site "Mindelo-S. Vicente"]
[Date "2022.04.29"]
[Round "7.4"]
[White "Varela La Madrid, Tilsia Carolina"]
[Black "Santiago, Yago De Moura"]
[Result "0-1"]
[ECO "B07"]
[WhiteElo "2097"]
[BlackElo "2490"]
[Annotator "TA"]
[PlyCount "36"]
[EventDate "2022.04.22"]
[EventType "swiss"]
[SourceTitle "playchess.com"]
[Source "ChessBase"]
[SourceQuality "1"]
[TimeControl "40/5400+30:1800+30"]

1. e4 d6 2. d4 Nf6 3. Nc3 c6 4. f4 Qa5 5. Bd2 Qb6 6. Nf3 Bg4 7. Be2 {[%emt 0:00:00] B07: Pirc Defence: Miscellaneous Systems.} (7. e5 $16 Nd5 8. exd6) 7... Bxf3 $11 8. Bxf3 {[%emt 0:00:00] e5 is the strong threat.} Qxd4 9. Qe2 {[%emt 0:00:00] And now e5 would win.} e5 10. O-O-O Qb6 {[%emt 0:01:43] [#]} ({Black should play} 10... Nbd7 $11) 11. fxe5 $146 ({Much worse is} 11. Be3 Qa5 $11) ({Predecessor:} 11. Be3 Qa5 12. Kb1 Nbd7 13. Rhf1 b5 14. Qd2 O-O-O 15. Qf2 Kb8 16. g4 h5 17. h3 hxg4 18. hxg4 {0-1 (49) Wieprecht,G (1939)-Mentel,J (2056) Bad Sooden-Allendorf 2012}) 11... dxe5 12. g4 Be7 13. g5 {[%emt 0:00:00][%mdl 1024] White has strong compensation.} Nfd7 14. Bg4 ({But not} 14. Be3 $6 Bc5 15. Bd2 Bd4 $11) 14... Qc7 15. Qf3 Nb6 16. Rhf1 O-O 17. Qe2 {[%emt 0:00:00] Inhibits Nc4.} Na6 18. Rf3 Rad8 {[%emt 0:02:15] Weighted Error Value: White=0.13 (very precise) /Black=0.13 (very precise)} 0-1

[Event "Cabo Verde Open 2022"]
[Site "Mindelo-S. Vicente"]
[Date "2022.04.28"]
[Round "7.5"]
[White "Strikovic, Aleksa"]
[Black "Lesbros, Bernard"]
[Result "1-0"]
[ECO "A34"]
[WhiteElo "2489"]
[BlackElo "1865"]
[Annotator "TA"]
[PlyCount "46"]
[EventDate "2022.04.22"]
[EventType "swiss"]
[SourceTitle "playchess.com"]
[Source "ChessBase"]
[SourceQuality "1"]
[TimeControl "40/5400+30:1800+30"]

1. c4 c5 2. Nf3 Nf6 3. Nc3 d5 4. cxd5 Nxd5 5. g3 Nc6 6. Bg2 Nc7 7. d3 e5 8. Nd2 Be7 9. Nc4 f6 10. O-O O-O 11. f4 Be6 {[%emt 0:07:20] A34: Symmetrical English: 2 Nc3, lines with ...d5.} (11... exf4 $11 12. Bxf4 Ne6) 12. fxe5 (12. Bxc6 $5 bxc6 13. fxe5 $14) 12... fxe5 13. Rxf8+ Bxf8 14. Be3 (14. Qa4 $14) 14... Nd5 $11 {[%emt 0:12:41] The position is equal.} 15. Nxd5 Bxd5 16. Qb3 Nd4 17. Bxd4 {[%emt 0:03:32][%mdl 32768] [#]  Weighted Error Value: White=0.19 (very precise) /Black=0.22 (precise) . Loss on time!?} {Predecessor:} exd4 $146 18. Bxd5+ Qxd5 19. Nb6 Qxb3 20. axb3 Re8 21. Rxa7 Rxe2 22. Rxb7 g6 23. Nd5 Bg7 {1-0 (41) Hujo,J (2108)-Micek,J (2071) Slovakia 2007} 1-0

[Event "Cabo Verde Open 2022"]
[Site "Mindelo-S. Vicente"]
[Date "2022.04.29"]
[Round "7.6"]
[White "Ferreira, Paulo"]
[Black "Pereira, Eder Marcio"]
[Result "1-0"]
[ECO "D35"]
[WhiteElo "2073"]
[BlackElo "1728"]
[Annotator "TA"]
[PlyCount "117"]
[EventDate "2022.04.22"]
[EventType "swiss"]
[SourceTitle "playchess.com"]
[Source "ChessBase"]
[SourceQuality "1"]
[TimeControl "40/5400+30:1800+30"]

1. d4 Nf6 2. c4 e6 3. Nf3 Be7 4. Nc3 d5 5. Bg5 O-O 6. cxd5 exd5 7. Qc2 Re8 {[%emt 0:00:51] D35: Queen's Gambit Declined: Exchange Variation.} 8. Bxf6 Bxf6 9. e3 {[%emt 0:05:57] [#]} Nc6 $146 {[%emt 0:04:32] The position is equal.} ({Predecessor:} 9... c5 10. dxc5 Qa5 11. O-O-O Bxc3 12. Qxc3 Qxa2 13. Bd3 Na6 14. Kd2 Qa4 15. Nd4 Re7 16. Bb5 {0-1 (52) De Borba,G (2143)-Terao,R (2384) Florianopolis 2018}) 10. Be2 Bg4 11. O-O Ne7 12. Rfe1 c6 13. b4 Qd6 14. Rab1 Bf5 15. Bd3 Bxd3 16. Qxd3 Ng6 17. Rec1 Rad8 18. Na4 Re7 19. Qc3 Nf8 20. Nc5 Ne6 21. a4 Nxc5 (21... Rc8 $11) 22. Qxc5 $16 Qxc5 23. Rxc5 Rc8 24. Ne1 Rec7 25. Nd3 Be7 26. Rc2 f6 27. Rbc1 Kf7 28. Kf1 Ke6 29. Ke2 Bd6 30. h3 g6 31. Kd2 Kd7 32. Kc3 Re8 33. Kb3 Rec8 34. Nc5+ Bxc5 35. dxc5 $11 {[%emt 0:00:00][%mdl 4096] Endgame KRR-KRR} b6 36. Rd1 f5 37. Rd4 Re8 38. cxb6 axb6 39. b5 Kd6 40. bxc6 Rxc6 (40... Re4 {keeps more tension.} 41. Rcd2 Rxd4 42. exd4 Re7) 41. Rxc6+ Kxc6 {[%emt 0:00:34] KR-KR} 42. Rd2 Re4 43. Rc2+ Kd7 44. Rc3 f4 45. exf4 Rxf4 46. Rc2 Kd6 47. g3 Rf7 48. f4 Re7 49. Rc3 (49. g4 $11 {remains equal.}) 49... d4 $17 50. Rf3 (50. Rc1 $17 {is a better defense.}) 50... Kd5 $1 $19 {[%emt 0:04:17] ...Re3+ is the strong threat.} 51. Kc2 {[%emt 0:01:15] [#]} Rc7+ $2 ({Black should try} 51... Re2+ $1 $19 52. Kd3 Ra2) 52. Kd2 $15 Ra7 53. f5 Ke4 54. Rf4+ Ke5 55. f6 {[%emt 0:00:52] Threatens to win with f7.} Rf7 56. Kd3 g5 57. Rf2 h5 $2 {[%emt 0:01:11][%mdl 8192] [#]} (57... Rxf6 $11 58. Rxf6 Kxf6 59. Kxd4 Ke6) 58. g4 $1 $18 ({Less strong is} 58. Rb2 Ra7 $16) 58... Ke6 59. Rf5 {[%emt 0:07:42] White used his chance.  Weighted Error Value: White=0.14 (very precise) /Black=0.12 (very precise)} (59. gxh5 $142 Ke5 60. h6) 1-0

[Event "Cabo Verde Open 2022"]
[Site "Mindelo-S. Vicente"]
[Date "2022.04.29"]
[Round "7.7"]
[White "Caxita, Esperanca"]
[Black "Mirulla, David"]
[Result "1-0"]
[ECO "B13"]
[WhiteElo "1910"]
[BlackElo "1972"]
[Annotator "TA"]
[PlyCount "77"]
[EventDate "2022.04.22"]
[EventType "swiss"]
[SourceTitle "playchess.com"]
[Source "ChessBase"]
[SourceQuality "1"]
[TimeControl "40/5400+30:1800+30"]

1. e4 c6 2. d4 d5 3. exd5 cxd5 4. Bd3 Nc6 5. c3 Nf6 6. Nf3 Bg4 7. Bg5 {[%emt 0:01:26] B13: Caro-Kann: Exchange Variation and Panov-Botvinnik Attack.} e6 8. Nbd2 Bd6 9. O-O {[%emt 0:02:19] The position is equal.} Bh5 10. Qb3 Qb6 {[%emt 0:09:14] [#]} 11. Qxb6 $146 ({Predecessor:} 11. Rfe1 O-O 12. Bh4 Rac8 13. Bg3 Bxg3 14. hxg3 Nd7 15. Ng5 Bg6 16. Bxg6 hxg6 17. Rab1 Qxb3 18. axb3 {1-0 (71) Liitiainen,E (2190)-Hytonen,H Helsinki 2002}) 11... axb6 12. Rfe1 Bg6 13. Bxg6 hxg6 14. a3 b5 15. h3 Rh5 16. Rac1 Kd7 17. Re2 Na5 18. Rce1 Nc4 19. Bxf6 (19. Nf1 $11) 19... gxf6 $15 20. Nf1 Rah8 21. Ng3 R5h7 22. Nh2 f5 {[%emt 0:04:33] Against Ng4} 23. Nf3 (23. Nh1 $142) 23... f4 (23... g5 $17 {...f4 is the strong threat.} 24. Nxg5 Rg7) 24. Nf1 $11 Rh5 25. N1h2 Be7 26. Ng4 Nd6 27. Nfe5+ {[%emt 0:02:02] Pair of Knights!} Ke8 28. f3 Bh4 29. Ra1 Nf5 (29... Ke7 $11 {remains equal.}) 30. Nd3 $16 Ng3 31. Re5 ({White should play} 31. Ree1 $16) 31... Rxe5 $14 32. Ngxe5 Nh5 $2 {[%emt 0:02:07] Loses the game.} (32... Ne2+ $14 33. Kf1 Ng3+ 34. Ke1 Ke7) 33. a4 $18 bxa4 34. Rxa4 {[%emt 0:00:15] [#] Strongly threatening Ra8+.} Ke7 $2 (34... Kf8 {might work better.} 35. Ra8+ Kg7 36. Rxh8 Kxh8) 35. Ra7 Rf8 $2 (35... Rc8 36. Rxb7+ Ke8) 36. Rxb7+ {[%emt 0:00:31] White is clearly winning.} Ke8 37. Nc5 Bd8 38. Rb8 Ke7 39. Nc6+ {[%emt 0:02:01] Weighted Error Value: White=0.19 (very precise) /Black=0.41} 1-0